 Dungeon Crawl Stone Soup version 0.23-a0-622-g59b4ea9c50 (webtiles) character file.

167224 GordonOverkill the Peltast (level 18, -9/130 HPs)
             Began as a Halfling Abyssal Knight on Dec 24, 2018.
             Was the Champion of Lugonu.
             Mangled by a deep troll earth mage (19 damage)
             ... led by an ironheart preserver
             ... on level 1 of the Vaults.
             The game lasted 01:31:12 (41971 turns).

GordonOverkill the Peltast (HaAK)                  Turns: 41971, Time: 01:31:13

Health: -9/130     AC: 21    Str: 15 (18) XL:     18   Next: 25%
Magic:  27/27      EV: 22    Int: 13      God:    Lugonu [******]
Gold:   455        SH: 16    Dex: 13 (17) Spells: 19/21 levels left

rFire    . . .     SeeInvis .   b - +6 fustibalus (freeze)
rCold    + . .     Gourm    .   K - +0 shield
rNeg     . . .     Faith    .   Y - +0 swamp dragon scales
rPois    +         Spirit   .   Z - +2 helmet {Int+3}
rElec    .         Reflect  .   R - +2 cloak
rCorr    .         Harm     .   F - +2 pair of gloves
MR       +....                  r - +2 pair of boots
Stlth    +.........             V - amulet of the acrobat
HPRegen  0.31/turn              t - +5 ring of evasion
MPRegen  0.20/turn              G - ring of protection from cold

@: no status effects
A: small, mutation resistance 1
}: 1/15 runes: decaying
a: Depart the Abyss, Bend Space, Banish, Corrupt, Enter the Abyss, Brand Weapon
With Distortion, Renounce Religion


You were on level 1 of the Vaults.
You worshipped Lugonu.
Lugonu was exalted by your worship.
You were not hungry.

You visited 6 branches of the dungeon, and saw 29 of its levels.
You visited the Abyss 1 time.

You collected 2362 gold pieces.
You spent 1907 gold pieces at shops.

Inventory:

Hand Weapons
 a - a +0 whip of electrocution
 b - a +6 fustibalus of freezing (weapon)
 U - a +2 fustibalus of freezing
Missiles
 f - 120 sling bullets (quivered)
 l - 137 stones
Armour
 r - a +2 pair of boots (worn)
 v - a +4 plate armour
 F - a +2 pair of gloves (worn)
 K - a +0 shield (worn)
 R - a +2 cloak (worn)
 Y - +0 swamp dragon scales (worn)
 Z - a +2 helmet of intelligence (worn)
Jewellery
 t - a +5 ring of evasion (left hand)
 x - an uncursed ring of fire
 G - a ring of protection from cold (right hand)
 T - an uncursed ring of protection from cold
 V - an amulet of the acrobat (around neck)
Wands
 y - a wand of random effects (36)
 C - a wand of acid (15)
 H - a wand of polymorph (11)
 L - a wand of flame (11)
 M - a wand of digging (6)
 O - a wand of iceblast (21)
Scrolls
 h - 3 scrolls of fog
 o - 3 scrolls of magic mapping
 p - 18 scrolls of remove curse
 q - 6 scrolls of amnesia
 u - 6 scrolls of teleportation
 z - 6 scrolls of fear
 B - a scroll of holy word
 D - 4 scrolls of immolation
 P - 3 scrolls of enchant armour
 S - a scroll of identify
Potions
 d - 6 potions of curing
 e - 5 potions of cancellation
 i - a potion of berserk rage
 j - 6 potions of agility
 k - 2 potions of haste
 m - a potion of magic
 n - a potion of ambrosia
 s - 5 potions of might
 A - 4 potions of flight
 E - 2 potions of brilliance
 I - 3 potions of mutation
 J - 2 potions of lignification
 N - 4 potions of invisibility
Miscellaneous
 W - a phantom mirror
Comestibles
 c - 24 rations


   Skills:
 + Level 13.8 Fighting
   Level 2.0 Axes
 - Level 15.0 Slings
 - Level 5.0 Armour
 - Level 7.0 Dodging
 + Level 20.9 Shields
 + Level 2.3 Spellcasting
 + Level 3.5 Charms
 - Level 12.0 Invocations
 - Level 4.0 Evocations


You had 19 spell levels left.
You knew the following spells:

 Your Spells              Type           Power        Failure   Level  Hunger
a - Song of Slaying       Chrm           ##......     16%         2    ###....

Your spell library contained the following spells:

 Spells                   Type           Power        Failure   Level  Hunger
 Infusion                 Chrm           ##..         11%         1    #......
 Shroud of Golubria       Chrm/Tloc      #.........   32%         2    ###....
 Summon Small Mammal      Summ           #...         41%         1    #......
 Regeneration             Chrm/Necr      #.........   54%         3    ###....
 Spectral Weapon          Hex/Chrm       #.......     54%         3    ###....
 Blink                    Tloc           N/A          56%         2    ###....
 Call Imp                 Summ           #.......     56%         2    ###....
 Call Canine Familiar     Summ           #.......     80%         3    ###....
 Lesser Beckoning         Tloc           #.........   80%         3    ###....
 Portal Projectile        Hex/Tloc       #.....       80%         3    ###....
 Recall                   Summ/Tloc      N/A          80%         3    ###....
 Summon Guardian Golem    Hex/Summ       #.......     80%         3    ###....
 Animate Dead             Necr           N/A          99%         4    #####..
 Leda's Liquefaction      Hex/Erth       #.........   99%         4    #####..
 Summon Ice Beast         Ice/Summ       #.......     99%         4    #####..
 Summon Lightning Spire   Summ/Air       #.......     99%         4    #####..
 Bolt of Magma            Conj/Fire/Erth #.........   100%        5    ######.
 Borgnjor's Vile Clutch   Necr/Erth      #.........   100%        5    ######.
 Summon Forest            Summ/Tloc      #.........   100%        5    ######.
 Death Channel            Necr           #.........   100%        6    #######
 Iron Shot                Conj/Erth      #.........   100%        6    #######
 Simulacrum               Ice/Necr       #.........   100%        6    #######
 Statue Form              Tmut/Erth      #........    100%        6    #######
 Shatter                  Erth           #.........   100%        9    #######


Dungeon Overview and Level Annotations

Branches:
Dungeon (15/15)            Temple (0/1) D:4            Lair (6/6) D:8
  Swamp (4/4) Lair:2       Spider (1/4) Lair:4        Slime (0/5) Lair:5
    Orc (2/2) D:10            Elf (0/3) Orc:2        Vaults (1/5) D:13
 Depths (0/5) D:15

Altars:
Dithmenos
Makhleb
Nemelex Xobeh
Okawaru
Qazlal
Ru
Sif Muna
Trog
Uskayaw
Wu Jian
Xom
Yredelemnul
Zin
The Shining One
Beogh

Shops:
D:7 ?   D:8 (   D:13 !(   D:15 !%%(   Orc:2 *:(*

Annotations:
D:4 1 runed door, MirrMurr's ghost, amateur SpBe
D:7 2 transporters, Harunobu's ghost, novice OgBe
D:14 2 transporters, lis82's ghost, journeyman DgWz


Innate Abilities, Weirdness & Mutations

You are small and have problems with some larger weapons.
You are somewhat resistant to further mutation.


Message History

Your +6 fustibalus of freezing is covered in frost.
b - a +6 fustibalus of freezing (weapon)
You block the centaur's attack.
Firing (i - inventory. (/) - cycle)
f - 121 sling bullets (quivered)
Press: ? - help, Shift-Dir - straight line, f/p - deep troll earth mage
Aim: a deep troll earth mage (almost dead)
You shoot a sling bullet.
The sling bullet completely misses the deep troll earth mage.
The deep troll earth mage bites you!
* * * LOW HITPOINT WARNING * * *
The deep troll earth mage misses you.
You block the deep troll earth mage's attack.
The centaur hits you.
* * * LOW HITPOINT WARNING * * *
You're too hungry.
Unknown command.
Unknown command.
You eat one of the 25 rations.
That ration really hit the spot!
You block the centaur's attack. The deep troll earth mage bites you!!
You die...

#...#....##.....#
#...#(....##....#
#...#......##...# ##
#...#..(([(.##..# #.
#...#...)(#.....# #.
#...'.)((##c....# #.
#...#((.##......# #.
###...#Tc##c.##...# ##
#.....#@##....##..# ##.
#.....###..Tc.c##.# #..
#.....##..##..T.###..##.
#.....#... ##..cp##..###
#.....#.. #Tc.T#.^##.
#.....#. #...#..##.
#.....#. #.T#..##.
+##.....#############..##.
.......................###


You could see a deep troll earth mage and a centaur.

Vanquished Creatures
  Jorgrun (Swamp:1)
  A thorn hunter (Swamp:3)
  Kirke (Lair:3)
  Roxanne (D:14)
  An orc warlord (Orc:2)
  2 ironheart preservers (Vaults:1)
  A stone giant (Orc:2)
  A dire elephant (Lair:6)
  An ettin (Orc:2)
  Josephine (Swamp:1)
  Snorg (D:12)
  A fire dragon (Swamp:4)
  A yaktaur captain (D:15)
  2 ogre magi (Orc:2)
  A rakshasa (Vaults:1)
  Erolcha (D:9)
  A ghost crab (Swamp:4)
  2 vault guards (D:13)
  13 hydras
  2 catoblepae
  12 two-headed ogres
  3 centaur warriors
  2 shambling mangroves
  A tengu warrior (D:11)
  A queen ant (Lair:3)
  6 alligators
  8 death yaks
  2 spriggan druids (Swamp:4)
  An unseen horror (D:13)
  3 deep trolls
  2 orc knights
  A wizard (Vaults:1)
  8 swamp dragons
  A lindwurm (Lair:6)
  20 ugly things
  Pikel (D:6)
  5 wolf spiders
  4 manticores
  An orc sorcerer (Orc:1)
  5 orb spiders (Spider:1)
  6 cyclopes
  2 guardian serpents (D:14)
  10 elephants (Lair:6)
  5 black mambas
  2 torpor snails (Lair:6)
  7 spiny frogs
  2 gargoyles
  9 rime drakes
  6 komodo dragons
  A demonic crawler (Spider:1)
  A freezing wraith (D:15)
  19 trolls
  13 jumping spiders (Spider:1)
  2 tengu conjurers (D:15)
  3 polar bears
  8 tyrant leeches
  10 hornets
  4 bog bodies
  A blink frog (Lair:6)
  Prince Ribbit (D:6)
  11 hippogriffs
  3 dream sheep (Lair:6)
  29 slime creatures
  9 redbacks
  2 tarantellas (Spider:1)
  2 shadows
  A tarantella (shapeshifter) (Vaults:1)
  3 spriggans (Swamp:3)
  A yak (shapeshifter) (D:14)
  4 hogs (Lair:3)
  4 wraiths
  3 wyverns
  3 hungry ghosts
  Grum (D:11)
  A basilisk (Lair:6)
  67 yaks
  A golden eye (shapeshifter) (D:15)
  11 humans
  20 vampire mosquitoes
  15 swamp worms
  16 water moccasins
  17 soldier ants (Lair:3)
  3 acid dragons
  10 porcupines
  9 swamp drakes
  5 ice beasts
  3 sky beasts
  A slave (D:6)
  16 orc warriors
  2 phantoms (D:11)
  2 black bears
  A hornet zombie (D:13)
  2 necrophages
  4 boggarts (D:15)
  8 centaurs
  10 wolves
  29 ogres
  19 crocodiles
  11 bullfrogs
  A wyvern zombie (D:9)
  A gnoll sergeant (D:11)
  3 scorpions
  24 killer bees
  14 wights
  3 howler monkeys
  8 crimson imps
  2 jellies
  2 centaur zombies (D:12)
  A quasit (D:8)
  A centaur skeleton (D:5)
  4 hounds
  11 orc priests
  13 orc wizards
  Crazy Yiuf (D:3)
  3 iguanas
  33 worker ants
  A worker ant zombie (D:10)
  8 gnolls
  15 adders
  3 shadow imps
  2 adder skeletons
  An adder zombie (D:7)
  2 dart slugs
  2 leopard geckos
  72 orcs
  4 bats
  3 giant cockroaches
  5 goblins
  10 hobgoblins
  13 jackals
  9 kobolds
  4 quokkas
  3 ball pythons
  4 frilled lizards
  A leopard gecko skeleton (D:4)
  A quokka skeleton (D:7)
  4 rats
886 creatures vanquished.

Vanquished Creatures (others)
  A thorn hunter (Swamp:2)
  3 hydras (Swamp:4)
  A deep troll shaman (Vaults:1)
  2 deep trolls (Vaults:1)
  2 wolf spiders (Spider:1)
  A slime creature (D:15)
  A moth of wrath (Spider:1)
  A jumping spider (Spider:1)
  A human (D:13)
  A centaur (Vaults:1)
  A wight (D:15)
  A crimson imp (D:6)
  An orc priest (D:15)
  A bush (D:8)
  13 fungi
  14 plants
45 creatures vanquished.

Grand Total: 931 creatures vanquished

Notes
Turn   | Place    | Note
-------+----------+-------------------------------------------
     0 | Abyss:1  | GordonOverkill the Halfling Abyssal Knight began the quest
                  | for the Orb.
     0 | Abyss:1  | Reached XP level 1. HP: 15/15 MP: 2/2
    37 | D:1      | Escaped the Abyss
   217 | D:1      | Reached XP level 2. HP: 10/20 MP: 3/3
   985 | D:1      | Found a shimmering altar of Xom.
  1308 | D:1      | Reached XP level 3. HP: 21/25 MP: 4/4
  1780 | D:2      | Reached ** piety under Lugonu
  1917 | D:2      | Reached XP level 4. HP: 31/31 MP: 6/6
  2676 | D:3      | Reached XP level 5. HP: 17/36 MP: 7/7
  2995 | D:3      | Found a bloodstained altar of Trog.
  2997 | D:3      | Found a deep blue altar of Sif Muna.
  2997 | D:3      | Found a glowing silver altar of Zin.
  2997 | D:3      | Found a shadowy altar of Dithmenos.
  3128 | D:3      | Found an ornate altar of the Wu Jian Council.
  3333 | D:3      | Reached *** piety under Lugonu
  3781 | D:3      | Reached XP level 6. HP: 23/42 MP: 8/8
  3968 | D:3      | Found a runed door.
  4037 | D:4      | Noticed MirrMurr's ghost (amateur SpBe)
  4345 | D:4      | Noticed a hippogriff
  4610 | D:4      | Found a runed door.
  4910 | D:4      | Found a staircase to the Ecumenical Temple.
  5505 | D:3      | Noticed Crazy Yiuf
  5845 | D:5      | Entered Level 5 of the Dungeon
  5999 | D:5      | Noticed an ice beast
  6027 | D:5      | Killed an ice beast
  6027 | D:5      | Reached skill level 1 in Slings
  6027 | D:5      | Reached XP level 7. HP: 26/48 MP: 8/10
  6364 | D:5      | Found a bloodstained altar of Trog.
  6412 | D:5      | Found a stormy altar of Qazlal.
  6636 | D:5      | Found a sacrificial altar of Ru.
  6879 | D:5      | Found a sparkling altar of Nemelex Xobeh.
  7025 | D:3      | Killed Crazy Yiuf
  7074 | D:3      | Found a shadowy altar of Dithmenos.
  7075 | D:3      | Found an ornate altar of the Wu Jian Council.
  7077 | D:3      | Found a deep blue altar of Sif Muna.
  7077 | D:3      | Found a bloodstained altar of Trog.
  7078 | D:3      | Found a glowing silver altar of Zin.
  7409 | D:6      | Reached XP level 8. HP: 54/54 MP: 11/11
  7821 | D:6      | Reached skill level 5 in Armour
  8085 | D:6      | Reached skill level 5 in Slings
  8094 | D:6      | Noticed Prince Ribbit
  8108 | D:6      | Killed Prince Ribbit
  8108 | D:6      | Reached skill level 1 in Shields
  8108 | D:6      | Reached skill level 5 in Invocations
  8867 | D:6      | Noticed Pikel
  8884 | D:6      | Killed Pikel
  8884 | D:6      | Reached skill level 5 in Fighting
  8884 | D:6      | Reached skill level 5 in Dodging
  8884 | D:6      | Reached skill level 2 in Shields
  8884 | D:6      | Reached XP level 9. HP: 41/61 MP: 11/13
  8996 | D:6      | Found a burning altar of Makhleb.
  9150 | D:7      | Noticed a hornet
  9165 | D:7      | Found Lesoen's Magic Scroll Shoppe.
  9170 | D:7      | Bought 2 scrolls of enchant weapon for 165 gold pieces
  9187 | D:7      | Found a transporter.
  9189 | D:7      | Found a transporter.
  9223 | D:7      | Noticed Harunobu's ghost (novice OgBe)
  9299 | D:7      | Reached skill level 3 in Shields
  9361 | D:7      | Reached **** piety under Lugonu
  9846 | D:7      | Found a hide-covered altar of Uskayaw.
  9872 | D:7      | Reached skill level 4 in Shields
 10239 | D:7      | Bought a scroll of blinking for 82 gold pieces
 10326 | D:8      | Reached skill level 10 in Slings
 10387 | D:8      | Found a staircase to the Lair.
 10388 | D:8      | Reached skill level 5 in Shields
 10388 | D:8      | Reached XP level 10. HP: 66/66 MP: 14/14
 10468 | D:8      | Reached skill level 6 in Shields
 10474 | D:8      | Reached ***** piety under Lugonu
 10776 | D:8      | Found an iron altar of Okawaru.
 11009 | D:8      | Found Faranoi's Weapon Emporium.
 11183 | D:8      | Found a basalt altar of Yredelemnul.
 11216 | D:8      | Found a glowing golden altar of the Shining One.
 11218 | D:8      | Noticed an angel
 11347 | D:9      | Noticed Erolcha
 11351 | D:9      | Killed Erolcha
 11372 | D:9      | Reached XP level 11. HP: 72/72 MP: 15/15
 11498 | D:9      | Noticed a two-headed ogre
 11504 | D:9      | Killed a two-headed ogre
 11577 | D:9      | Reached skill level 15 in Slings
 11810 | D:9      | Identified Sif Muna's Almanac of the Voyage
 12525 | D:10     | Entered Level 10 of the Dungeon
 12664 | D:10     | Reached skill level 7 in Shields
 13293 | D:10     | Found a staircase to the Orcish Mines.
 13808 | D:11     | Reached XP level 12. HP: 84/84 MP: 16/16
 13909 | D:11     | Noticed an eight-headed hydra
 13917 | D:11     | Killed an eight-headed hydra
 14014 | D:11     | Noticed Grum
 14025 | D:11     | Killed Grum
 14206 | D:11     | Reached skill level 10 in Fighting
 14258 | D:11     | Found a glowing silver altar of Zin.
 14291 | D:11     | Noticed a tengu warrior
 14308 | D:11     | Killed a tengu warrior
 14831 | Lair:1   | Entered Level 1 of the Lair of Beasts
 14861 | Lair:1   | You fall through a shaft!
 14906 | Lair:2   | Reached skill level 1 in Evocations
 15072 | Lair:1   | Reached ****** piety under Lugonu
 15935 | Lair:2   | Reached skill level 8 in Shields
 16095 | Lair:2   | Found a staircase to the Swamp.
 16156 | Lair:2   | Noticed a four-headed hydra
 16174 | Lair:2   | Killed a four-headed hydra
 16174 | Lair:2   | Reached XP level 13. HP: 92/95 MP: 17/17
 16445 | Lair:2   | You fall through a shaft!
 16622 | Lair:3   | Reached skill level 9 in Shields
 17309 | Lair:3   | Reached skill level 10 in Shields
 17648 | Lair:3   | Noticed a catoblepas
 17667 | Lair:3   | Killed a catoblepas
 17924 | Lair:3   | Noticed a four-headed hydra
 17929 | Lair:3   | Killed a four-headed hydra
 18670 | Lair:4   | Noticed Kirke
 18675 | Lair:3   | Reached skill level 11 in Shields
 18975 | Lair:4   | Found a hole to the Spider Nest.
 19431 | Lair:4   | Reached skill level 12 in Shields
 19686 | Lair:3   | Noticed a sphinx
 19746 | Lair:3   | Noticed a sphinx
 19928 | Lair:3   | Killed Kirke
 20044 | Lair:2   | Reached XP level 14. HP: 91/103 MP: 18/18
 20605 | Lair:4   | Reached skill level 13 in Shields
 21388 | Lair:5   | Found a staircase to the Slime Pits.
 21941 | Lair:6   | Entered Level 6 of the Lair of Beasts
 21993 | Lair:6   | Reached skill level 14 in Shields
 23920 | Lair:6   | Reached XP level 15. HP: 88/108 MP: 22/22
 23948 | Lair:6   | Reached skill level 10 in Invocations
 24141 | Lair:6   | Reached skill level 15 in Shields
 25460 | D:12     | Noticed Snorg
 25467 | D:12     | Killed Snorg
 25814 | D:13     | Found Madgh's Distillery.
 25818 | D:13     | Bought a potion of heal wounds for 85 gold pieces
 26327 | D:13     | Found Ciextaw's Antique Weapon Boutique.
 26624 | D:13     | Found a gate to the Vaults.
 26881 | D:14     | Noticed Roxanne
 27115 | D:14     | Killed Roxanne
 27297 | D:14     | Reached skill level 16 in Shields
 27708 | D:14     | Noticed lis82's ghost (journeyman DgWz)
 28051 | D:14     | Found a transporter.
 28051 | D:14     | Identified the +5 falchion of Sudden Death {flame, +Blink}
 28366 | D:14     | Found a transporter.
 28478 | D:15     | Entered Level 15 of the Dungeon
 28488 | D:15     | Found Keptesk's Distillery.
 28823 | D:15     | Reached XP level 16. HP: 114/114 MP: 25/25
 28872 | D:15     | Reached skill level 17 in Shields
 29027 | D:15     | Found Vifol's Food Shoppe.
 29041 | D:15     | Found Jixtydu's Food Boutique.
 29186 | D:15     | Found Betuss's Weapon Emporium.
 29336 | D:15     | Found a staircase to the Depths.
 30457 | Orc:1    | Entered Level 1 of the Orcish Mines
 30661 | Orc:2    | Entered Level 2 of the Orcish Mines
 30729 | Orc:2    | Found a staircase to the Elven Halls.
 30954 | Orc:2    | Reached skill level 18 in Shields
 31226 | Orc:2    | Found Paqunuackifa's Book Shoppe.
 32179 | Orc:2    | Found a roughly hewn altar of Beogh.
 32239 | Orc:2    | Found Estuf's Weapon Shoppe.
 32268 | Orc:2    | Reached skill level 19 in Shields
 32288 | Orc:2    | Found Riss's Assorted Antiques.
 32506 | Orc:2    | Found a roughly hewn altar of Beogh.
 32541 | Orc:2    | Found Rath's General Store.
 32557 | Orc:2    | Bought a scroll of enchant weapon for 90 gold pieces
 32557 | Orc:2    | Bought 3 scrolls of enchant armour for 270 gold pieces
 32565 | Orc:2    | Bought a scroll labeled KONUJE OSOTY for 22 gold pieces
 32565 | Orc:2    | Bought a scratched agate ring for 110 gold pieces
 32934 | D:7      | Bought a scroll of acquirement for 572 gold pieces
 32934 | D:7      | Bought a scroll of fear for 38 gold pieces
 32934 | D:7      | Bought a scroll of fear for 38 gold pieces
 33112 | D:15     | Bought a potion of mutation for 120 gold pieces
 33112 | D:15     | Bought a potion of might for 60 gold pieces
 33112 | D:15     | Bought a potion of agility for 60 gold pieces
 33112 | D:15     | Bought a potion of magic for 120 gold pieces
 33112 | D:15     | Bought a potion of heal wounds for 75 gold pieces
 33338 | Swamp:1  | Entered Level 1 of the Swamp
 33701 | Swamp:1  | Noticed Josephine
 33719 | Swamp:1  | Killed Josephine
 34018 | Swamp:1  | Noticed Jorgrun
 34042 | Swamp:1  | Killed Jorgrun
 34536 | Swamp:1  | Reached XP level 17. HP: 85/119 MP: 26/26
 34872 | Swamp:2  | Noticed a thorn hunter
 34883 | Swamp:2  | Banished a thorn hunter
 36537 | Swamp:3  | Reached skill level 20 in Shields
 37519 | Swamp:3  | Noticed a thorn hunter
 37543 | Swamp:3  | Killed a thorn hunter
 37792 | Swamp:4  | Entered Level 4 of the Swamp
 39112 | Swamp:4  | Got a decaying rune of Zot
 39759 | Swamp:4  | Learned a level 2 spell: Song of Slaying
 39881 | Spider:1 | Entered Level 1 of the Spider Nest
 39934 | Spider:1 | Reached skill level 1 in Charms
 40051 | Spider:1 | Reached skill level 1 in Spellcasting
 40293 | Spider:1 | Reached XP level 18. HP: 129/129 MP: 27/27
 41323 | Vaults:1 | Entered Level 1 of the Vaults
 41971 | Vaults:1 | Mangled by a deep troll earth mage

Vault maps used:
D:1:      ncdulo_lavacross, serial_glass, glass_columns_a, glass_columns_b,
          xom_teletrap_fun
D:2:      first_ration
D:3:      grunt_temple_overflow_open, uniq_crazy_yiuf_cottage
D:4:      minmay_temple_entry_wispy, hellmonk_ghost_happy_afterlife,
          eino_tiny_chamber
D:5:      lemuel_crystal_altar, grunt_qazlal_sundering, basic_altar,
          minivault_11, roderic_serpentine_path, bloody_trog
D:6:      old_standard_altar, uniq_pikel, uniq_prince_ribbit1
D:7:      old_standard_altar, gammafunk_ghost_hive, serial_shops, shop
D:8:      grunt_temple_overflow_holy_war, okawaru_humans,
          minmay_lair_entry_grove, serial_shops, shop
D:9:      uniq_erolcha
D:10:     orc_0_dummy
D:11:     basic_altar, grunt_tengu_nest, chequers_decorated_corner, uniq_grum
D:12:     uniq_snorg
D:13:     ximxim_vaults_locker_room, serial_shops, shop, shop
D:14:     gammafunk_ghost_stat_death, nrook_guardian_serpent_double,
          uniq_roxanne
D:15:     grunt_enter_depths_snipers, minmay_misc_feat_columns, serial_shops,
          shop, shop, shop, shop
Lair:1:   st_stairs_5, grunt_megastairs_3
Lair:2:   minmay_swamp_entry_worms, chequers_serial_rivers_marsh
Lair:3:   zaba_anthell, infiniplex_staircase_pool_2, lemuel_fruit_fields,
          lemuel_fruit_fields
Lair:4:   spider_nest_entry_webs, lemuel_fruit_tree, uniq_kirke
Lair:5:   slime_dummy, grunt_megastairs_1, serial_bayou_shore_a
Lair:6:   hangedman_lair_in_review
Swamp:1:  nicolae_swamp_treefoil, infiniplex_staircase_pool, uniq_jorgrun,
          uniq_josephine
Swamp:2:  serial_swamp_ruin, evilmike_swamp_ruin_house_3,
          evilmike_swamp_ruin_house_2, evilmike_swamp_ruin_house_1
Swamp:3:  nicolae_swamp_fairy_circle
Swamp:4:  swamp
Orc:2:    st_orc_open, basic_altar, abandoned_shop, minmay_orc_temple_a
Vaults:1: vaults_standard_mumra_lines, v_pattern_3, vaults_mumra_hexcomb,
          nicolae_vaults_triangles, vaults_standard_mumra_enter_the_diamond,
          nicolae_vaults_little_squares_2, vaults_room_fours,
          ontoclasm_vaults_decontamination

Skill      XL: |  1  2  3  4  5  6  7  8  9 10 11 12 13 14 15 16 17 18 |
---------------+-------------------------------------------------------+-----
Fighting       | 3 4 5 8 11 12 13 | 13.8
Dodging        | 2 3 4 5 7 |  7.0
Armour         | 3 4 5 |  5.0
Invocations    | 3 4 5 6 9 12 | 12.0
Slings         | 1 4 6 10 14 15 | 15.0
Shields        | 2 5 6 7 8 12 14 16 19 20 | 20.9
Evocations     | 3 4 |  4.0
Charms         | 1 3 |  3.5
Spellcasting   | 1 2 |  2.3
Axes           | |  2.0

Action                   |  1- 3 |  4- 6 |  7- 9 | 10-12 | 13-15 | 16-18 || total
-------------------------+-------+-------+-------+-------+-------+-------++-------
Melee: Hand axe          |    64 |    98 |       |       |       |       ||   162
       Whip              |       |       |     4 |       |    23 |    18 ||    45
       Fustibalus        |       |       |     2 |       |       |     3 ||     5
       Unarmed           |       |       |       |       |    16 |       ||    16
 Fire: Hunting sling     |    22 |   146 |       |       |       |       ||   168
       Fustibalus        |       |    19 |   261 |   712 |  1625 |  1666 ||  4283
Throw: Stone             |     7 |       |       |       |       |    29 ||    36
Invok: Bend Space        |       |    19 |     5 |     9 |     4 |     3 ||    40
       Banish            |       |       |       |       |     1 |    21 ||    22
  Use: Scroll            |     7 |     8 |     6 |     6 |    16 |     8 ||    51
       Potion            |       |     3 |       |     1 |     5 |    11 ||    20
 Stab: Sleeping          |     1 |       |       |       |       |       ||     1
  Eat: Chunk             |     3 |     9 |     7 |    18 |    21 |    19 ||    77
       Ration            |       |     1 |     2 |       |     5 |     8 ||    16
Armor: Leather armour    |    17 |    27 |       |       |       |       ||    44
       Ring mail         |       |       |    12 |       |       |       ||    12
       Scale mail        |       |       |    10 |       |       |       ||    10
       Chain mail        |       |       |       |    66 |     1 |       ||    67
       Plate armour      |       |       |       |       |   226 |   120 ||   346
       Swamp dragon scal |       |       |       |       |       |   142 ||   142
Dodge: Dodged            |    44 |   123 |    64 |   186 |   329 |   445 ||  1191
Block: Buckler           |       |       |     6 |    88 |   145 |       ||   239
       Shield            |       |       |       |       |   136 |   589 ||   725

Table legend:
 A = Non-vault XP
 B = Vault XP
 C = Vault XP percentage of total XP
 D = Non-vault monster count
 E = Vault monster count
 F = Vault count percentage of total count
                 A         B        C        D         E       F
            +---------+---------+-------+---------+---------+-------
      Total |  144401 |   75919 |  34.5 |     699 |     203 |  22.5
            +---------+---------+-------+---------+---------+-------
        D:1 |      33 |       0 |   0.0 |      19 |       0 |   0.0
        D:2 |      68 |       0 |   0.0 |      18 |       0 |   0.0
        D:3 |     264 |      39 |  12.9 |      29 |       1 |   3.3
        D:4 |      27 |       0 |   0.0 |       6 |       0 |   0.0
        D:5 |     544 |       0 |   0.0 |      18 |       0 |   0.0
        D:6 |     443 |     848 |  65.7 |      11 |       2 |  15.4
        D:7 |    1336 |       0 |   0.0 |      45 |       0 |   0.0
        D:8 |     498 |    2332 |  82.4 |      10 |      15 |  60.0
        D:9 |    3776 |     990 |  20.8 |      22 |       1 |   4.3
       D:10 |    3447 |       0 |   0.0 |      44 |       0 |   0.0
       D:11 |    4401 |    1543 |  26.0 |      43 |       6 |  12.2
       D:12 |    2836 |    1068 |  27.4 |      17 |       1 |   5.6
       D:13 |    6385 |    3711 |  36.8 |      20 |      11 |  35.5
       D:14 |    9197 |    2912 |  24.0 |      34 |       3 |   8.1
       D:15 |   13906 |    2526 |  15.4 |      50 |       3 |   5.7
     Lair:1 |    2589 |     353 |  12.0 |      14 |       2 |  12.5
     Lair:2 |    5084 |     270 |   5.0 |      22 |       2 |   8.3
     Lair:3 |    5816 |    7373 |  55.9 |      23 |      51 |  68.9
     Lair:4 |    8342 |       0 |   0.0 |      37 |       0 |   0.0
     Lair:5 |    6958 |     435 |   5.9 |      17 |       2 |  10.5
     Lair:6 |   10107 |   10662 |  51.3 |      28 |      21 |  42.9
    Swamp:1 |    4182 |    4466 |  51.6 |      15 |       5 |  25.0
    Swamp:2 |   10486 |       0 |   0.0 |      28 |       0 |   0.0
    Swamp:3 |   11071 |       0 |   0.0 |      30 |       0 |   0.0
    Swamp:4 |   10182 |   13212 |  56.5 |      19 |      23 |  54.8
   Spider:1 |   13230 |       0 |   0.0 |      39 |       0 |   0.0
      Orc:1 |    1169 |    3078 |  72.5 |      10 |       5 |  33.3
      Orc:2 |    5610 |   13006 |  69.9 |      27 |      39 |  59.1
   Vaults:1 |    2414 |    7095 |  74.6 |       4 |      10 |  71.4
            +---------+---------+-------+---------+---------+-------
